 Dungeon Crawl Stone Soup version 0.28-b1-25-g9875b3fc8c (webtiles) character file.

Game seed: 1280874444270520522

2 cbfl8 the Sneak (level 1, -9/19 HPs)
             Began as a Minotaur Delver on Jan 31, 2022.
             Mangled by an ogre (20 damage)
             ... on level 6 of the Dungeon.
             The game lasted 00:00:57 (153 turns).

cbfl8 the Sneak (Minotaur Delver)                    Turns: 153, Time: 00:00:58

Health: -9/19      AC:  9    Str: 16    XL:     1   Next: 25%
Magic:  0/0        EV: 11    Int:  7    God:
Gold:   14         SH:  0    Dex: 11    Spells: 0/0 levels left

rFire   . . .      SeeInvis .   a - +0 hand axe
rCold   . . .      Faith    .   (no shield)
rNeg    . . .      Spirit   .   i - quicksilver dragon scales
rPois   .          Reflect  .   (helmet restricted)
rElec   .          Harm     .   (no cloak)
rCorr   .          Rampage  .   (no gloves)
Will    +....                   (no boots)
Stlth   ++........              (no amulet)
HPRegen 0.06/turn               (no ring)
MPRegen 0.07/turn               (no ring)

@: no status effects
A: horns 2, retaliatory headbutt
a: no special abilities


You were on level 6 of the Dungeon.
You visited 1 branch of the dungeon, and saw 4 of its levels.

You collected 14 gold pieces.

Inventory:

Hand Weapons
 a - a +0 hand axe (weapon)
Armour
 b - a +0 leather armour
 i - quicksilver dragon scales (worn)
Wands
 d - a wand of polymorph (9)
 g - a wand of digging (3)
Scrolls
 c - a scroll of fog
 e - a scroll of fear
Potions
 f - a potion of haste
 h - a potion of attraction {unknown}


   Skills:
 + Level 3.6 Fighting
 + Level 2.4 Axes
 + Level 2.2 Dodging
 + Level 4.2 Stealth


You couldn't memorise any spells.
You didn't know any spells.
Your spell library was empty.

Dungeon Overview and Level Annotations

Branches:
Dungeon (7/15)
 Temple: D:4-7

Altars:
The Shining One


Innate Abilities, Weirdness & Mutations

You have a pair of horns on your head.
You reflexively headbutt those who attack you in melee.


Message History

You start removing your armour.
You continue taking off your +0 leather armour. x4
You finish taking off your +0 leather armour.
You start putting on your armour.
You continue putting on your quicksilver dragon scales. x5
You finish putting on your quicksilver dragon scales.
There is an escape hatch in the ceiling here.
A mysterious force pulls you upwards. The hatch slams shut behind you.
Found 14 gold pieces.
Found a glowing golden altar of the Shining One.
An orc comes into view. It is wielding a +0 club.
You see here 14 gold pieces.
You now have 14 gold pieces.
The orc shouts!
You hear a shout!
An orc comes into view. It is wielding a +0 mace.
An orc comes into view. It is wielding a +0 club.
There is a glowing golden altar of the Shining One here.
You hit the orc but do no damage. Your headbutt misses the orc.
The orc hits you but does no damage. The orc completely misses you.
You completely miss the orc. You headbutt the orc.
You kill the orc!
Things that are here:
a +0 club; a +0 leather armour
Things that are here:
a +0 club; a +0 leather armour An ogre comes into view.
It is wielding a +0 giant club.
Things that are here:
a +0 club; a +0 leather armour
There is a glowing golden altar of the Shining One here.
You hit the ogre.
The ogre is lightly wounded.
The ogre closely misses you.
You slash the ogre! Your headbutt misses the ogre.
The ogre is heavily wounded.
The ogre hits you with a +0 giant club!
You hit the ogre. You headbutt the ogre.
The ogre is severely wounded.
The ogre hits you with a +0 giant club!!
Ouch! That really hurt!
You die...

##### #...# #._.#
#.@.# ###O###
###8...8### .
o.##.........##....
...................
#................#.
###.#.#.....##.###
#####.##### # ###


You could see an ogre.

Vanquished Creatures
  An orc (D:6)
1 creature vanquished.

Notes
Turn   | Place    | Note
-------+----------+-------------------------------------------
     0 | D:5      | cbfl8 the Minotaur Delver began the quest for the Orb.
     0 | D:5      | Reached XP level 1. HP: 19/19 MP: 0/0
    68 | D:4      | You fall into a shaft and drop 3 floors!
   125 | D:6      | Found a glowing golden altar of the Shining One.
   143 | D:6      | Noticed an ogre
   153 | D:6      | Mangled by an ogre

Illustrated notes

Levels and vault maps discovered:
D:4:      layout_basic, minmay_goblin_outpost, uniq_menkaure
D:5:      layout_basic
D:6:      layout_basic, nicolae_tso_carved_into_rock,
          minmay_temple_entry_mini_moons, uniq_pikel
D:7:      layout_rooms, uniq_maggie

Action                   || total
-------------------------++-------
Melee: Hand axe          ||     5
       Headbutt          ||     2
  Use: Scroll            ||     1
Armor: Quicksilver drago ||     1
Dodge: Dodged            ||     2
